 Dungeon Crawl Stone Soup version 0.30.1-4-g462c640d31 (webtiles) character file.

Game seed: 1254938036066529458

586 booth the Ruffian (level 7, -3/60 HPs)
             Began as a Troll Gladiator on Sept 18, 2023.
             Was a Follower of Hepliaklqana.
             Killed from afar by Pikel (6 damage)
             ... with a puff of flame
             ... on level 5 of the Dungeon.
             The game lasted 00:21:00 (4001 turns).

booth the Ruffian (Troll Gladiator)                 Turns: 4001, Time: 00:21:00

Health: -3/60      AC:  4    Str: 23    XL:     7   Next: 15%
Magic:  0/6        EV: 16    Int:  6    God:    Hepliaklqana [*.....]
Gold:   114        SH:  0    Dex: 17    Spells: 6/6 levels left

rFire   + .          .
                       - Unarmed
rCold   . . .        (no shield)
rNeg    . . .        a - +0 robe
rPois   .            b - +0 hat
rElec   .            e - scarf {repulsion}
rCorr   .            (gloves unavailable)
SInv    .            (boots unavailable)
Will    .....        x - amulet "Wurhiuga" {Spirit Regen+ Stlth+}
Stlth   +++          j - ring of Seoskod {rF+ EV+5}
HPRegen 1.90/turn    u - +6 ring of dexterity
MPRegen 0.10/turn

%: repel missiles, guardian spirit
@: no status effects
A: reduced essence, large, unfitting armour, claws 3, regeneration 1, shaggy fur
1, tough skin 1
a: Renounce Religion, Recall Ancestor, Ancestor Identity


You were on level 5 of the Dungeon.
You worshipped Hepliaklqana.
Hepliaklqana was aware of your devotion.
You visited 1 branch of the dungeon, and saw 5 of its levels.
You also visited: Sewer.

You collected 114 gold pieces.

Inventory:

Hand Weapons
 k - a +0 flail
 y - a +0 hand axe
Missiles
 c - 3 throwing nets
 d - a large rock
 l - 4 javelins
 q - 10 poisoned darts (quivered)
 v - 6 curare-tipped darts
Armour
 a - a +0 robe (worn)
 b - a +0 hat (worn)
 e - a scarf of repulsion (worn)
Jewellery
 j - the ring of Seoskod (left claw) {rF+ EV+5}
   (You acquired it on level 2 of the Dungeon)

   [ring of evasion]

   EV:        It affects your evasion (+5).
   rF:        It protects you from fire.
 u - a +6 ring of dexterity (right claw)
 x - the amulet "Wurhiuga" (around neck) {Spirit Regen+ Stlth+}
   (You acquired it on level 4 of the Dungeon)

   [amulet of guardian spirit]

   It causes incoming damage to be divided between your reserves of health and
   magic.
   Regen:     It increases your rate of health regeneration.
   Stlth:     It makes you more stealthy.
Wands
 w - a wand of roots (5)
 C - a wand of flame (17)
Scrolls
 g - 2 scrolls of enchant weapon
 t - a scroll of teleportation
 A - a scroll of poison {unknown}
 B - a scroll of torment {unknown}
Potions
 f - 2 potions of mutation
 h - a potion of heal wounds
 i - a potion of curing
 m - a potion of lignification
 n - a potion of invisibility {unknown}
 p - a potion of haste
 r - a potion of might
 z - a potion of brilliance


   Skills:
 + Level 3.5 Fighting
 + Level 3.9 Throwing
 + Level 4.0 Dodging
 + Level 4.7 Unarmed Combat


You had 6 spell levels left.
You didn't know any spells.
Your spell library contained the following spells:

 Spells                   Type           Power      Damage    Failure   Level
 Sublimation of Blood     Necr           0%         N/A       58%         2
 Wereblood                Tmut           0%         N/A       58%         2
 Summon Hydra             Summ           0%         N/A       100%        7


Dungeon Overview and Level Annotations

Branches:
Dungeon (5/15)             Temple (0/1) D:4           Sewer (visited)

Altars:
Hepliaklqana
Kikubaaqudgha
Nemelex Xobeh
Qazlal
Uskayaw
Xom
The Shining One

Annotations:
D:5 Pikel


Innate Abilities, Weirdness & Mutations

Your life essence is reduced to manifest your ancestor. (-10% HP)
You are too large for most types of armour.
You have claws for hands.
Your natural rate of healing is unusually fast.
You are covered in fur. (AC +1)
You have tough skin. (AC +1)


Message History

The lemure hits you.
Pikel zaps a wand.
The puff of flame is repelled.
You scratch Pikel.
Pikel is heavily wounded.
Ara closely misses Pikel.
The lemure hits you. The lemure misses you.
The lemure hits you. x2; Pikel misses you.
You barely miss Pikel.
Pikel is heavily wounded.
Ara hits Pikel but does no damage.
The lemure hits you but does no damage. The lemure misses you.
The phantom closely misses you. The lemure hits you.
The lemure barely misses you.
Pikel zaps a wand.
The puff of flame hits you. You resist.
You scratch Pikel but do no damage.
Pikel is heavily wounded.
Ara barely misses Pikel.
The lemure hits you! The lemure misses you. The phantom barely misses you.
The lemure misses you. Pikel barely misses you. The lemure closely misses you.
You scratch Pikel.
Pikel is heavily wounded.
Ara closely misses Pikel.
The lemure completely misses you. The lemure barely misses you.
The phantom barely misses you. The lemure misses you. The lemure hits you.
Pikel zaps a wand.
The puff of flame hits you. You resist.
You barely miss Pikel.
Pikel is heavily wounded.
Ara barely misses Pikel.
The lemure closely misses you. The lemure misses you.
The phantom hits you but does no damage.
The lemure hits you but does no damage. The lemure completely misses you.
Pikel hits you with a +2 whip of flaming.
You barely miss Pikel.
Pikel is heavily wounded.
Ara hits Pikel.
The lemure hits you.
* * * LOW HITPOINT WARNING * * *
The lemure hits you.
* * * LOW HITPOINT WARNING * * *
The phantom hits you!
* * * LOW HITPOINT WARNING * * *
The lemure closely misses you. The lemure hits you.
* * * LOW HITPOINT WARNING * * *
Pikel zaps a wand.
The puff of flame hits you. You resist.
You die...

... .#_#
..####...#
.........
####..#>..#
.........
#.....#
#.K55.#.#
#.R@5...#
#.W5#.#.#
#..f# ..
.:...# ##
.##.... ..
#..## . ...
####


You could see the friendly Ara the ancestor, Pikel (ally target), 4 lemures, a
phantom and a sleepcap.

Vanquished Creatures
  A phantom (D:4)
  A kobold brigand (Sewer)
  A howler monkey (D:4)
  A hound (D:4)
  An orc priest (D:4)
  Natasha (twice) (D:2)
  An iguana (D:4)
  7 adders
  8 river rats (Sewer)
  An ufetubus (D:4)
  3 worms (D:3)
  3 dart slugs (D:1)
  5 orcs (D:4)
  2 bats
  4 endoplasms
  4 giant cockroaches
  7 hobgoblins
  13 kobolds
  3 quokkas (D:1)
  9 ball pythons
  3 frilled lizards
  5 goblins
  26 rats
111 creatures vanquished.

Vanquished Creatures (collateral kills)
  An adder (D:4)
  4 orcs (D:4)
  An endoplasm (D:4)
  A goblin (D:4)
  2 quokkas
  A ball python (D:4)
10 creatures vanquished.

Grand Total: 121 creatures vanquished

Notes
Turn   | Place    | Note
-------+----------+-------------------------------------------
     0 | D:1      | booth the Troll Gladiator began the quest for the Orb.
     0 | D:1      | Reached XP level 1. HP: 19/19 MP: 0/0
   344 | D:1      | Reached XP level 2. HP: 28/28 MP: 1/1
   905 | D:2      | Reached XP level 3. HP: 33/35 MP: 2/2
  1132 | D:2      | Noticed Natasha
  1139 | D:2      | Killed Natasha
  1140 | D:2      | Reached XP level 4. HP: 35/42 MP: 3/3
  1200 | D:2      | Noticed Natasha
  1206 | D:2      | Killed Natasha
  1485 | D:2      | Identified a scroll of acquirement
  1485 | D:2      | Acquired the ring of Seoskod {rF+ EV+5}
  1674 | D:3      | Found a glowing drain.
  1679 | Sewer    | Entered a sewer
  1706 | Sewer    | Reached XP level 5. HP: 50/50 MP: 4/4
  2073 | Sewer    | Reached XP level 6. HP: 36/61 MP: 5/5
  2273 | D:3      | Found an ancient bone altar of Kikubaaqudgha.
  2275 | D:3      | Found a hide-covered altar of Uskayaw.
  2594 | D:3      | Found a faded altar of an unknown god.
  2599 | D:3      | Prayed at the altar of an unknown god.
  2599 | D:3      | Became a worshipper of Hepliaklqana the Forgotten
  2599 | D:3      | Reached * piety under Hepliaklqana
  3016 | D:3      | Found a sparkling altar of Nemelex Xobeh.
  3016 | D:3      | Found a shimmering altar of Xom.
  3389 | D:4      | Found a staircase to the Ecumenical Temple.
  3447 | D:4      | Acquired the amulet "Wurhiuga" {Spirit Regen+ Stlth+}
  3569 | D:4      | Reached XP level 7. HP: 60/60 MP: 6/6
  3607 | D:4      | Found a stormy altar of Qazlal.
  3990 | D:5      | Entered Level 5 of the Dungeon
  3990 | D:5      | Noticed Pikel
  3990 | D:5      | Found a glowing golden altar of the Shining One.
  4001 | D:5      | HP: 3/60 [lemure[Pikel] (4)]
  4001 | D:5      | Killed from afar by Pikel

Illustrated notes

Levels and vault maps discovered:
D:1:      dpeg_arrival_court, layout_loops_ring
D:2:      layout_rooms, dk_vineyard_2, uniq_natasha
D:3:      layout_basic, nicolae_overflow_hidden_temple,
          gammafunk_temple_overflow_wave, gup_sewer_entry_bowl,
          shapermc_ecumenical_altar_petra, serial_curves, eino_curves_03,
          eino_curves_03
D:4:      layout_basic, grunt_qazlal_sundering, minmay_temple_entry_slanted
D:5:      layout_basic, overflow_temple_1_default,
          hellmonk_okawaru_the_only_friend_you_need,
          nicolae_wu_jian_glorious_leap, minivault_19, guppyfry_shop_venom,
          uniq_sigmund, uniq_pikel

Skill      XL: |  1  2  3  4  5  6  7 |
---------------+----------------------+-----
Throwing       | 2 3 |  3.9
Fighting       | 2 3 |  3.5
Dodging        | 3 4 |  4.0
Unarmed Combat | 4 |  4.7

Action                     |  1- 3 |  4- 6 |  7- 9 || total
---------------------------+-------+-------+-------++-------
  Melee: Unarmed           |    60 |   227 |    20 ||   307
         Punch             |     1 |     3 |     1 ||     5
 Invoke: Ancestor Identity |       |     1 |       ||     1
    Use: Scroll            |     1 |     7 |       ||     8
         Potion            |     1 |     5 |     2 ||     8
   Stab: Sleeping          |     2 |     2 |     1 ||     5
         Distracted        |       |     2 |       ||     2
 Armour: Robe              |    10 |    55 |     4 ||    69
  Dodge: Dodged            |    26 |   159 |    30 ||   215
         Repelled          |       |       |     1 ||     1
